 Seeded DCSS version 0.28.0-43-g3370ac3207 (webtiles) character file.

Game seed: 13591998346360536447 (custom seed)

9245 hikkokomori the Cleaver (level 11, -2/102 HPs)
             Began as a Hill Orc Fighter on Mar 1, 2022.
             Slain by a 14-headed hydra (4 damage)
             ... on level 11 of the Dungeon.
             The game lasted 00:19:09 (10484 turns).

hikkokomori the Cleaver (Hill Orc Fighter)         Turns: 10484, Time: 00:19:10

Health: -2/102     AC: 19    Str: 36    XL:     11   Next: 43%
Magic:  11/11      EV:  9    Int:  9    God:
Gold:   2105       SH: 13    Dex: 12    Spells: 10/10 levels left

rFire   + . .      SeeInvis .   S - +4 broad axe of Lemycuc {drain, Int+4}
rCold   + + .      Faith    .   h - +2 buckler of Vokux {rElec Will+ Str+4}
rNeg    . . .      Spirit   .   R - +5 chain mail of the Frog {rC+ Will+ Slay+2}
rPois   .          Reflect  +   t - +1 hat
rElec   +          Harm     .   (no cloak)
rCorr   +          Rampage  .   i - +0 pair of gloves of Qazlal's Regard {Will- rCorr Str+10 Int-3}
Will    ++...                   (no boots)
Stlth   ..........              p - amulet of reflection
HPRegen 0.27/turn               x - ring of Ryesch {rC+ Will+}
MPRegen 0.12/turn               o - ring of protection from fire

@: studying 2 skills
A: no striking features
a: no special abilities


You were on level 11 of the Dungeon.
You visited 2 branches of the dungeon, and saw 12 of its levels.

You collected 2105 gold pieces.

Inventory:

Hand Weapons
 J - the +8 storm bow {elec, penet}
   (You found it on level 9 of the Dungeon)

   Any ammunition fired from it occasionally discharges a powerful burst of
   electricity upon striking a foe.
   Any ammunition fired by it passes through the targets it hits, potentially
   hitting all targets in its path until it reaches maximum range.
 P - a +5 war axe
 S - the +4 broad axe of Lemycuc (weapon) {drain, Int+4}
   (You acquired it on level 9 of the Dungeon)

   A truly terrible weapon, it drains the life of any living foe it strikes.
   Int:       It affects your intelligence (+4).
Missiles
 L - 51 arrows
Armour
 b - a +0 scale mail
 c - a +0 buckler
 f - a scarf of harm
 h - the +2 buckler of Vokux (worn) {rElec Will+ Str+4}
   (You acquired it on level 2 of the Dungeon)

   Str:       It affects your strength (+4).
   rElec:     It insulates you from electricity.
   Will:      It increases your willpower.
 i - the +0 pair of gloves of Qazlal's Regard (worn) {Will- rCorr Str+10 Int-3}
   (You acquired it on level 2 of the Dungeon)

   Str:       It affects your strength (+10).
   Int:       It affects your intelligence (-3).
   rCorr:     It protects you from acid and corrosion.
   Will:      It decreases your willpower.
 t - a +1 hat (worn)
 w - a +4 plate armour
 R - the +5 chain mail of the Frog (worn) {rC+ Will+ Slay+2}
   (You acquired it on level 9 of the Dungeon)

   Slay:      It affects your accuracy & damage with ranged weapons and melee
   (+2).
   rC:        It protects you from cold.
   Will:      It increases your willpower.
Jewellery
 k - a ring of resist corrosion
 m - a ring of protection from fire
 o - a ring of protection from fire (right hand)
 p - an amulet of reflection (around neck)
 x - the ring of Ryesch (left hand) {rC+ Will+}
   (You acquired it on level 5 of the Dungeon)

   [ring of protection from cold]

   rC:        It protects you from cold.
   Will:      It increases your willpower.
 A - a +6 ring of dexterity
Wands
 a - a wand of paralysis (9)
 n - a wand of flame (48)
 y - a wand of mindburst (17)
 B - a wand of iceblast (10)
 G - a wand of charming (16)
Scrolls
 e - 4 scrolls of teleportation
 j - 2 scrolls of vulnerability
 q - 2 scrolls of summoning {unknown}
 s - 2 scrolls of torment
 u - 2 scrolls of amnesia {unknown}
 D - a scroll of noise {unknown}
 H - a scroll of holy word {unknown}
 K - 2 scrolls of blinking {unknown}
 O - a scroll of fog {unknown}
 Q - a scroll of immolation {unknown}
Potions
 d - 4 potions of might
 g - 2 potions of haste
 l - a potion of curing
 r - 2 potions of lignification
 v - 2 potions of mutation
 z - a potion of ambrosia
 C - a potion of heal wounds
 E - a potion of attraction
 I - 2 potions of brilliance
 N - 2 potions of cancellation {unknown}


   Skills:
 + Level 11.2 Fighting
 + Level 12.0 Axes
 + Level 10.4 Armour
 - Level 9.8 Shields


You had 10 spell levels left.
You didn't know any spells.
Your spell library contained the following spells:

 Spells                   Type           Power      Damage    Failure   Level
 Foxfire                  Conj/Fire      0%         2x1d4     83%         1
 Static Discharge         Conj/Air       0%         N/A       93%         2
 Sublimation of Blood     Necr           0%         N/A       93%         2
 Wereblood                Tmut           0%         N/A       93%         2
 Conjure Flame            Conj/Fire      0%         6-21      99%         3
 Inner Flame              Hex/Fire       0%         N/A       99%         3
 Ozocubu's Armour         Ice            0%         N/A       99%         3
 Dispel Undead            Necr           0%         3d6       100%        4
 Flame Wave               Conj/Fire      0%         2d4       100%        4
 Sticky Flame             Conj/Fire      0%         2d3       100%        4
 Ozocubu's Refrigeration  Ice            0%         4d5       100%        7
 Summon Hydra             Summ           0%         N/A       100%        7


Dungeon Overview and Level Annotations

Branches:
Dungeon (11/15)            Temple (1/1) D:6            Lair (0/6) D:8
    Orc: D:9-12

Altars:
Ashenzari
Cheibriados
Dithmenos
Elyvilon
Fedhas
Gozag
Hepliaklqana
Kikubaaqudgha
Makhleb
Nemelex Xobeh
Okawaru
Qazlal
Ru
Sif Muna
Trog
Uskayaw
Vehumet
Wu Jian
Xom
Yredelemnul
Zin
The Shining One

Shops:
D:8 *

Annotations:
D:3 2 transporters, Jimsonite's ghost, novice HuHu


Message History

You are too injured to fight recklessly!
Unknown command.
You are too injured to fight recklessly!
You are too injured to fight recklessly!
You slice one of the 12-headed hydra's heads off!
The 11-headed hydra grows two more!
You slash the 13-headed hydra!
The 13-headed hydra is heavily wounded.
You slash the komodo dragon! You drain the komodo dragon.
You kill the komodo dragon!
The 13-headed hydra bites you but does no damage.
You block the 13-headed hydra's attack. The 13-headed hydra closely misses you.
The 13-headed hydra bites you.
* * * LOW HITPOINT WARNING * * *
You block the 13-headed hydra's attack. The 13-headed hydra bites you!
* * * LOW HITPOINT WARNING * * *
The 13-headed hydra bites you but does no damage.
The 13-headed hydra bites you!
* * * LOW HITPOINT WARNING * * *
The 13-headed hydra bites you.
* * * LOW HITPOINT WARNING * * *
You block the 13-headed hydra's attack. The 13-headed hydra barely misses you.
The 13-headed hydra bites you but does no damage.
The 13-headed hydra barely misses you.
Your Axes skill increases to level 12!
You hack one of the 13-headed hydra's heads off!
The 12-headed hydra grows two more!
You slash the 14-headed hydra! You drain the 14-headed hydra.
The 14-headed hydra is heavily wounded.
You block the 14-headed hydra's attack. The 14-headed hydra bites you.
* * * LOW HITPOINT WARNING * * *
The 14-headed hydra bites you but does no damage.
You block the 14-headed hydra's attack. The 14-headed hydra closely misses you.
The 14-headed hydra bites you but does no damage.
The 14-headed hydra bites you.
* * * LOW HITPOINT WARNING * * *
The 14-headed hydra bites you but does no damage.
The 14-headed hydra bites you.
* * * LOW HITPOINT WARNING * * *
The 14-headed hydra bites you.
You die...

...............
............... .#
.................#
........... ..#
....... ...# #...#
...#
##########'######...#
#...............D...#
#..............@....#
#..............†....#
#..............=....#
#...................#
#...................#
##'#####....###.....#
##.).###....# #.....#
#......#......#.....#
#......#......#.....#


You could see a 14-headed hydra (drained).

Vanquished Creatures
  A boulder beetle (D:10)
  A two-headed ogre (D:11)
  A cyclops (D:10)
  A komodo dragon (D:11)
  A troll (D:9)
  A hornet (D:9)
  A blink frog (shapeshifter) (D:9)
  Sigmund (D:5)
  2 wyverns (D:8)
  A fire bat (shapeshifter) (D:11)
  10 yaks
  2 steam dragons
  2 basilisks (D:8)
  Menkaure (D:5)
  Edmund (D:5)
  A water moccasin (D:8)
  4 ogres
  3 ice beasts
  2 orc warriors (D:8)
  2 black bears (D:6)
  3 sky beasts
  4 centaurs
  2 bullfrogs
  A wyvern zombie (D:7)
  2 gnoll sergeants
  2 scorpions (D:8)
  A water moccasin zombie (D:5)
  12 killer bees
  8 wights
  3 howler monkeys
  A bullfrog zombie (D:5)
  A centaur zombie (D:6)
  A hound (D:4)
  An orc priest (D:5)
  4 bullfrog skeletons
  2 jellies
  2 gnoll shamans
  5 iguanas
  Ijyb (D:5)
  Natasha (thrice) (D:2)
  An orc wizard (D:6)
  A killer bee zombie (D:7)
  3 hound skeletons
  A howler monkey zombie (D:9)
  13 gnolls
  5 adders
  A howler monkey skeleton (D:6)
  A white imp (D:5)
  2 ufetubi
  2 adder skeletons (D:4)
  3 worms
  6 dart slugs
  7 orcs
  3 bats
  8 endoplasms
  2 giant cockroaches
  10 hobgoblins
  5 jackals
  8 kobolds
  3 quokkas
  5 ball pythons
  A frilled lizard (D:2)
  4 goblins
  9 rats
  A spectral hobgoblin (D:4)
203 creatures vanquished.

Vanquished Creatures (others)
  8 plants (D:8)
8 creatures vanquished.

Grand Total: 211 creatures vanquished

Notes
Turn   | Place    | Note
-------+----------+-------------------------------------------
     0 | D:1      | hikkokomori the Hill Orc Fighter began the quest for the
                  | Orb.
     0 | D:1      | Reached XP level 1. HP: 19/19 MP: 1/1
   172 | D:1      | Reached XP level 2. HP: 25/27 MP: 2/2
   173 | D:1      | Reached skill level 3 in Axes
   315 | D:1      | Reached XP level 3. HP: 32/33 MP: 3/3
   994 | D:2      | Noticed Natasha
   999 | D:2      | Killed Natasha
  1000 | D:2      | Reached XP level 4. HP: 27/41 MP: 4/4
  1151 | D:2      | Found a faded altar of an unknown god.
  1512 | D:2      | Noticed Natasha
  1519 | D:2      | Killed Natasha
  1520 | D:2      | Reached skill level 4 in Axes
  1520 | D:2      | Reached XP level 5. HP: 33/47 MP: 5/5
  1635 | D:2      | Identified 3 scrolls of acquirement
  1635 | D:2      | Acquired the +2 buckler of Vokux {rElec Will+ Str+4}
  1647 | D:2      | Acquired 924 gold pieces
  1650 | D:2      | Acquired the +0 pair of gloves of Qazlal's Regard {Will-
                  | rCorr Str+10 Int-3}
  1978 | D:2      | Noticed Natasha
  1980 | D:2      | Killed Natasha
  2022 | D:3      | Found a glowing golden altar of the Shining One.
  2189 | D:3      | Found a transporter.
  2192 | D:3      | Noticed Jimsonite's ghost (novice HuHu)
  2354 | D:3      | Found a transporter.
  2913 | D:4      | Reached skill level 5 in Fighting
  2913 | D:4      | Reached XP level 6. HP: 51/56 MP: 6/6
  2962 | D:4      | Found a hazy altar of Hepliaklqana.
  3317 | D:5      | Entered Level 5 of the Dungeon
  3324 | D:5      | Reached skill level 5 in Axes
  3363 | D:5      | Found a shimmering blue altar of Sif Muna.
  3379 | D:5      | Noticed an ice beast
  3389 | D:5      | Killed an ice beast
  3390 | D:5      | Reached skill level 5 in Armour
  3390 | D:5      | Reached skill level 5 in Shields
  3390 | D:5      | Reached XP level 7. HP: 57/61 MP: 7/7
  3436 | D:5      | Acquired the ring of Ryesch {rC+ Will+}
  3477 | D:5      | Found an iron altar of Okawaru.
  3697 | D:5      | Noticed Menkaure
  3705 | D:5      | Killed Menkaure
  3706 | D:5      | Reached skill level 6 in Axes
  3980 | D:5      | Reached XP level 8. HP: 71/71 MP: 8/8
  4382 | D:5      | You fall into a shaft and drop 2 floors!
  4480 | D:6      | Reached skill level 7 in Axes
  4628 | D:6      | Found a staircase to the Ecumenical Temple.
  4635 | Temple   | Entered the Ecumenical Temple
  5145 | D:6      | Reached XP level 9. HP: 79/79 MP: 9/9
  5239 | D:6      | Reached skill level 8 in Axes
  5887 | D:5      | Noticed Ijyb
  6137 | D:5      | Noticed Edmund
  6142 | D:5      | Killed Ijyb
  6153 | D:5      | Killed Edmund
  6648 | D:5      | Found an opulent altar of Gozag.
  6655 | D:5      | Found a stormy altar of Qazlal.
  6837 | D:5      | Noticed Sigmund
  6850 | D:5      | Killed Sigmund
  7398 | D:7      | Found an ornate altar of the Wu Jian Council.
  7414 | D:7      | Reached skill level 9 in Axes
  7882 | D:8      | Found Kiqy Okk's Assorted Antiques.
  8174 | D:8      | Reached XP level 10. HP: 83/91 MP: 10/10
  8263 | D:8      | Reached skill level 10 in Axes
  8756 | D:8      | Found a staircase to the Lair.
  8858 | D:8      | Found a bloodstained altar of Trog.
  9019 | D:9      | Found the +8 storm bow {elec, penet}
  9034 | D:9      | Reached skill level 10 in Fighting
  9207 | D:9      | Reached skill level 11 in Axes
  9287 | D:9      | Reached XP level 11. HP: 101/101 MP: 11/11
  9937 | D:9      | Acquired the +5 chain mail of the Frog {rC+ Will+ Slay+2}
  9983 | D:9      | Acquired the +4 broad axe of Lemycuc {drain, Int+4}
  9986 | D:9      | Acquired 479 gold pieces
  9989 | D:10     | Entered Level 10 of the Dungeon
 10001 | D:10     | Noticed a boulder beetle
 10003 | D:10     | Noticed a cyclops
 10014 | D:10     | Killed a cyclops
 10025 | D:10     | Killed a boulder beetle
 10026 | D:10     | Reached skill level 10 in Armour
 10351 | D:11     | Noticed a two-headed ogre
 10358 | D:11     | Killed a two-headed ogre
 10475 | D:11     | Noticed an eight-headed hydra
 10484 | D:11     | Reached skill level 12 in Axes
 10484 | D:11     | HP: 2/102 [14-headed hydra (6)]
 10484 | D:11     | Slain by a 14-headed hydra

Illustrated notes

Levels and vault maps discovered:
D:1:      wander_arrival_fairy_ring, layout_basic, chequers_serial_rivers_room_a
D:2:      layout_loops_ring, shapermc_ecumenical_altar_venn, uniq_natasha
D:3:      layout_loops_ring, mainiacjoe_overflow_chevrons,
          gammafunk_ghost_arena, hangedman_glass_teeth
D:4:      layout_basic, nicolae_hepliaklqana_monster_ancestors,
          due_unseen_surprise
D:5:      layout_basic, lemuel_doored_altar, overflow_temple_1_default,
          amethyst_overflow_temple_binary, minmay_manual_mess, uniq_ijyb,
          uniq_edmund, uniq_sigmund, uniq_menkaure
D:6:      layout_layer_cave, minmay_temple_entry_hall
D:7:      layout_basic, nicolae_wu_jian_immortal_techniques
D:8:      layout_rooms, lightli_temple_of_fire, minmay_lair_entry_grove,
          serial_shops, shop
D:9:      layout_cave_pools, grunt_decor_clamped
D:10:     minmay_diamond_stairs, layout_basic
D:11:     layout_gridville, serial_shops, kennysheep_mini_moat
Temple:   jpeg_temple_clearing

Skill      XL: |  1  2  3  4  5  6  7  8  9 10 11 |
---------------+----------------------------------+-----
Axes           | 3 4 5 6 7 9 11 12 | 12.0
Fighting       | 4 5 6 7 9 10 11 | 11.2
Shields        | 4 5 6 8 9 |  9.8
Armour         | 4 5 6 8 9 10 | 10.4

Action                   |  1- 3 |  4- 6 |  7- 9 | 10-12 || total
-------------------------+-------+-------+-------+-------++-------
Melee: War axe           |    91 |   110 |   306 |   188 ||   695
       Broad axe         |       |       |       |    43 ||    43
Throw: Throwing net      |       |       |       |     1 ||     1
  Use: Scroll            |       |     6 |     7 |     5 ||    18
       Potion            |       |       |     2 |     2 ||     4
Armor: Scale mail        |    37 |    24 |       |       ||    61
       Plate armour      |       |    21 |   212 |    72 ||   305
       Chain mail        |       |       |       |    47 ||    47
Dodge: Dodged            |    46 |    38 |   103 |    87 ||   274
Block: Buckler           |    24 |    30 |   161 |   156 ||   371
       Reflection        |       |       |       |     3 ||     3
